 Dungeon Crawl Stone Soup version 0.32-a0-42-ga30500b4d3 (webtiles) character file.

Game seed: 9895889126310309042

8263 Dittersdorf the Fighter (level 11, -7/73 HPs)
             Began as a Gargoyle Fighter on Jan 29, 2024.
             Was an Initiate of Gozag.
             Mangled by Snorg (23 damage)
             ... on level 10 of the Dungeon.
             The game lasted 00:13:06 (8268 turns).

Dittersdorf the Fighter (Gargoyle Fighter)          Turns: 8268, Time: 00:13:07

Health: -7/73      AC: 27    Str: 24    XL:     11   Next: 28%
Magic:  11/11      EV: 12    Int:  9    God:    Gozag
Gold:   393        SH: 18    Dex:  9    Spells: 10/10 levels left

rFire   . . .        B - +2 flail
rCold   + . .        p - +3 tower shield
rNeg    + . .        l - +0 chain mail
rPois   ∞            o - +2 helmet
rElec   +            a - +0 cloak
rCorr   .            z - +0 pair of gloves
SInv    .            u - +0 pair of boots
Will    .....        s - amulet of regeneration Stlth
                     c - +5 ring of evasion
HPRegen 1.12/turn    v - ring of protection from cold
MPRegen 0.12/turn

%: no passive effects
@: studying Fighting
A: sickness immunity, AC +8, negative energy resistance 1, electricity
resistance, torment resistance 1, petrification resistance
a: Renounce Religion, Potion Petition, Call Merchant, Bribe Branch


You were on level 10 of the Dungeon.
You worshipped Gozag.
Gozag was aware of your devotion.
You visited 1 branch of the dungeon, and saw 10 of its levels.

You collected 1870 gold pieces.
You spent 1415 gold pieces at shops.
You paid 62 gold pieces to Gozag.

Inventory:

Hand Weapons
 i - a +0 morningstar
 B - a +2 flail (weapon)
Armour
 a - a +0 cloak (worn)
 l - a +0 chain mail (worn)
 o - a +2 helmet (worn)
 p - a +3 tower shield (worn)
 u - a +0 pair of boots (worn)
 z - a +0 pair of gloves (worn)
Jewellery
 c - a +5 ring of evasion (left hand)
 s - an amulet of regeneration (around neck)
 v - a ring of protection from cold (right hand)
Wands
 b - a wand of flame (32) (quivered)
 g - a wand of paralysis (3)
 A - a wand of iceblast (19)
Scrolls
 e - a scroll of enchant weapon
 h - 3 scrolls of silence
 q - 2 scrolls of blinking
 t - 5 scrolls of teleportation
 w - a scroll of fear
Potions
 d - 2 potions of might
 f - 4 potions of heal wounds
 j - a potion of mutation
 k - 4 potions of curing
 m - 5 potions of brilliance
 n - 2 potions of cancellation
 r - 2 potions of resistance
 x - a potion of haste {unknown}
 C - a potion of degeneration {unknown}


   Skills:
 + Level 10.9 Fighting
 + Level 8.9 Maces & Flails
 + Level 10.1 Armour
 + Level 10.1 Shields


You had 10 spell levels left.
You didn't know any spells.
Your spell library contained the following spells:

 Spells                   Type           Power      Damage    Failure   Level
 Foxfire                  Conj/Fire      0%         2x1d4     99%         1
 Slow                     Hex            0%         N/A       99%         1
 Summon Small Mammal      Summ           0%         N/A       99%         1
 Call Imp                 Summ           0%         N/A       100%        2
 Ensorcelled Hibernation  Hex/Ice        0%         N/A       100%        2
 Call Canine Familiar     Summ           0%         N/A       100%        3
 Confusing Touch          Hex            0%         N/A       100%        3
 Dazzling Flash           Conj/Hex       0%         N/A       100%        3
 Fugue of the Fallen      Necr           0%         N/A       100%        3
 Passwall                 Erth           0%         N/A       100%        3
 Sigil of Binding         Hex            0%         N/A       100%        3
 Swiftness                Air            0%         N/A       100%        3
 Vampiric Draining        Necr           0%         2d6       100%        3
 Volatile Blastmotes      Fire/Tloc      0%         2d10      100%        3
 Anguish                  Hex/Necr       0%         N/A       100%        4
 Brom's Barrelling Bould  Conj/Erth      0%         2d3       100%        4
 Summon Blazeheart Golem  Fire/Summ      0%         N/A       100%        4
 Fireball                 Conj/Fire      0%         3d3       100%        5
 Iskenderun's Battlesphe  Conj           0%         2d6       100%        5
 Conjure Ball Lightning   Conj/Air       0%         3x3d6     100%        6
 Plasma Beam              Fire/Air       0%         2x1d10    100%        6
 Starburst                Conj/Fire      0%         6d3       100%        6
 Orb of Destruction       Conj           0%         9d5       100%        7
 Summon Hydra             Summ           0%         N/A       100%        7
 Maxwell's Capacitive Co  Air            0%         ∞         100%        8
 Sublimation of Blood     Necr           Unusable   N/A       N/A         2

Dungeon Overview and Level Annotations

Branches:
Dungeon (10/15)            Temple (0/1) D:5            Lair (0/5) D:9
    Orc: D:9-12

Altars:
Cheibriados
Elyvilon
Fedhas
Gozag
Kikubaaqudgha
Makhleb
Nemelex Xobeh
Okawaru
Sif Muna
Uskayaw
Wu Jian
Xom
Zin

Shops:
D:8 ?(*:   D:10 !

Annotations:
D:7 2 transporters
D:10 Snorg


Innate Abilities, Weirdness & Mutations

You are immune to sickness and miasma.
Your stone body is resilient. (AC +8)
You are immune to poison.
You resist negative energy. (rN+)
You are resistant to electric shocks. (rElec)
You are resistant to unholy torment.
You are immune to petrification.


Message History

You block Snorg's attack.
Snorg closely misses you. x2; Snorg bites you!!
You block Snorg's attack. Snorg closely misses you.
You are too injured to fight recklessly!
You are too injured to fight recklessly!
You are too injured to fight recklessly!
You are too injured to fight recklessly!
You are too injured to fight recklessly!
You are too injured to fight recklessly!
You are too injured to fight recklessly!
You are too injured to fight recklessly!
You thump Snorg!
Snorg is almost dead.
You block Snorg's attack. x4; Snorg claws you.
Snorg claws you!
* * * LOW HITPOINT WARNING * * *
You thump Snorg!
Snorg is almost dead.
You block Snorg's attack. x4; Snorg claws you but does no damage. x2
You barely miss Snorg.
Snorg is almost dead.
You block Snorg's attack. x3
You barely miss Snorg.
Snorg is almost dead.
You block Snorg's attack. Snorg claws you!
* * * LOW HITPOINT WARNING * * *
Snorg barely misses you. Snorg closely misses you.
Snorg claws you but does no damage. You block Snorg's attack.
You barely miss Snorg.
Snorg is almost dead.
You block Snorg's attack. Snorg completely misses you.
You block Snorg's attack. x2; Snorg closely misses you.
You block Snorg's attack.
You hit Snorg.
Snorg is almost dead.
Snorg misses you. You block Snorg's attack. Snorg claws you but does no damage.
You block Snorg's attack. x3
You thump Snorg!
Snorg is almost dead.
Snorg bites you!!
You die...
Your body crumbles into a pile of gold.

#. #.#
#..####### ..
#........## ..#
#.........# #.#
..........#
#..#
..........##..#
.......@.....#
......T......#
.........#..##
........###.#
.......## #.#
###...# #[#
..#.# #.# .##.
#.## . #..#


You could see Snorg (berserk).

Vanquished Creatures
  Pikel (D:9)
  A cyclops (D:8)
  Maggie (D:7)
  An unseen horror zombie (D:9)
  A komodo dragon (D:9)
  A troll (D:9)
  Grinder (D:5)
  Prince Ribbit (D:4)
  A hornet (D:10)
  A spriggan (D:7)
  A wyvern (D:9)
  9 yaks
  A steam dragon (D:10)
  A water moccasin (D:6)
  Duvessa (D:4)
  An orc warrior (D:10)
  A hornet zombie (D:9)
  An ice beast (D:7)
  2 sky beasts (D:7)
  A black bear (D:4)
  3 ogres
  4 centaurs
  A lemure (D:9)
  2 phantoms (D:5)
  A kobold brigand (D:9)
  2 bullfrogs (D:6)
  4 scorpions (D:5)
  Dowan (D:4)
  16 wights
  3 howler monkeys (D:7)
  6 centaur zombies (D:9)
  2 jellies
  6 orc priests
  A bombardier beetle (D:5)
  2 hounds
  Crazy Yiuf (D:7)
  3 iguanas
  A gnoll bouda (D:7)
  13 orc wizards
  11 gnolls
  16 adders
  2 white imps
  2 ufetubi (D:6)
  5 dart slugs
  28 orcs
  5 endoplasms
  4 giant cockroaches
  7 goblins
  10 hobgoblins
  2 jackals (D:4)
  7 kobolds
  3 quokkas
  9 ball pythons
  13 bats
  A frilled lizard (D:1)
  3 rats (D:2)
229 creatures vanquished.

Vanquished Creatures (others)
  3 orcs (D:10)
3 creatures vanquished.

Grand Total: 232 creatures vanquished

Notes
Turn   | Place    | Note
-------+----------+-------------------------------------------
     0 | D:1      | Dittersdorf the Gargoyle Fighter began the quest for the
                  | Orb.
     0 | D:1      | Reached XP level 1. HP: 14/14 MP: 1/1
   168 | D:1      | Reached XP level 2. HP: 18/19 MP: 2/2
   320 | D:1      | Found a faded altar of an unknown god.
   385 | D:1      | Reached XP level 3. HP: 18/24 MP: 3/3
   638 | D:1      | Reached XP level 4. HP: 29/29 MP: 4/4
  1049 | D:2      | Found a shimmering blue altar of Sif Muna.
  1559 | D:3      | Found a white marble altar of Elyvilon.
  1907 | D:3      | Found an opulent altar of Gozag.
  2050 | D:3      | Became a worshipper of Gozag Ym Sagoz the Greedy
  2178 | D:3      | Reached XP level 5. HP: 26/33 MP: 5/5
  2752 | D:4      | Found a glowing silver altar of Zin.
  2868 | D:4      | Noticed Dowan
  2918 | D:4      | Killed Dowan
  2919 | D:4      | Reached XP level 6. HP: 39/39 MP: 6/6
  3089 | D:4      | Noticed Duvessa
  3105 | D:4      | Killed Duvessa
  3106 | D:4      | Reached skill level 5 in Armour
  3257 | D:4      | Identified the +0 leather armour "Sacao" {rPois Str+6 Int+2
                  | Stlth-}
  3445 | D:5      | Entered Level 5 of the Dungeon
  3448 | D:5      | Noticed a black bear
  3449 | D:5      | Noticed Grinder
  3449 | D:5      | Paralysed by Grinder for 3 turns
  3466 | D:4      | Killed a black bear
  3467 | D:4      | Reached skill level 5 in Fighting
  3467 | D:4      | Reached skill level 5 in Shields
  3467 | D:4      | Reached XP level 7. HP: 44/44 MP: 7/7
  3516 | D:5      | Paralysed by Grinder for 3 turns
  3528 | D:5      | Killed Grinder
  3618 | D:5      | Reached XP level 8. HP: 51/51 MP: 8/8
  3718 | D:5      | Reached skill level 5 in Maces & Flails
  3761 | D:5      | Noticed Prince Ribbit
  3819 | D:4      | Killed Prince Ribbit
  4041 | D:5      | Found a burning altar of Makhleb.
  4041 | D:5      | Found a snail-covered altar of Cheibriados.
  4187 | D:5      | Found a staircase to the Ecumenical Temple.
  4285 | D:6      | Reached XP level 9. HP: 52/56 MP: 9/9
  4479 | D:6      | Found an ancient bone altar of Kikubaaqudgha.
  4594 | D:6      | Found a hide-covered altar of Uskayaw.
  5307 | D:7      | Found a transporter.
  5307 | D:7      | Found a transporter.
  5307 | D:7      | Noticed a gargoyle
  5308 | D:7      | Noticed a hornet
  5312 | D:7      | Noticed a boulder beetle
  5351 | D:7      | Noticed Maggie
  5372 | D:7      | Killed Maggie
  5535 | D:7      | Reached XP level 10. HP: 52/64 MP: 10/10
  5773 | D:7      | Found a runed translucent door.
  5774 | D:7      | Noticed Crazy Yiuf
  5796 | D:7      | Found a blossoming altar of Fedhas.
  6164 | D:7      | Found an ornate altar of the Wu Jian Council.
  6292 | D:7      | Killed Crazy Yiuf
  6567 | D:8      | Noticed a cyclops
  6583 | D:8      | Killed a cyclops
  6712 | D:8      | Found Sylopp's Antique Weapon Emporium.
  6751 | D:8      | Found Gepep's Assorted Antiques.
  6756 | D:8      | Bought a scroll of enchant armour for 180 gold pieces
  6781 | D:8      | Found a shimmering altar of Xom.
  6829 | D:8      | Found Tafaema's Book Emporium.
  6838 | D:8      | Bought a manual of Fighting for 1040 gold pieces
  7030 | D:8      | Found Ciuph's Magic Scroll Shop.
  7286 | D:9      | Found an iron altar of Okawaru.
  7400 | D:9      | Noticed Pikel
  7422 | D:9      | Killed Pikel
  7456 | D:9      | Reached skill level 10 in Fighting
  7509 | D:9      | Reached XP level 11. HP: 71/72 MP: 11/11
  7675 | D:9      | Found a staircase to the Lair.
  7995 | D:9      | Reached skill level 10 in Armour
  7995 | D:9      | Reached skill level 10 in Shields
  8080 | D:10     | Entered Level 10 of the Dungeon
  8080 | D:10     | Found Gixujiemn's Distillery.
  8083 | D:10     | Bought a potion of heal wounds for 75 gold pieces
  8083 | D:10     | Bought a potion of mutation for 120 gold pieces
  8163 | D:10     | Found a sparkling altar of Nemelex Xobeh.
  8245 | D:10     | Noticed Snorg
  8268 | D:10     | Mangled by Snorg

Illustrated notes

Levels and vault maps discovered:
D:1:      minmay_arrival_solitary_statue, layout_basic,
          shapermc_ecumenical_altar_mp_ritualfount,
          chequers_serial_rivers_micro_a, minmay_misc_feat_alley
D:2:      layout_basic, basic_altar, hangedman_decor_growths
D:3:      layout_basic, elyvilon_altar_1, general_overflow_altar
D:4:      layout_cave_pools, zin_academy, uniq_duvessa
D:5:      old_forge, layout_cave_pools, gammafunk_temple_overflow_elements,
          minmay_temple_entry_grid, st_stairs_4, uniq_grinder,
          uniq_prince_ribbit1, uniq_ijyb
D:6:      nicolae_BIG_FREAKIN_CUBE, layout_loops_ring,
          nicolae_kikubaaqudgha_miasma_corner, mainiacjoe_overflow_boulevard,
          serial_library_regret_index_multi
D:7:      gammafunk_the_bubble [the_bubble_gammafunk_crates], layout_loops_ring,
          nzn_wu_jian_contemplation, fedhas_altar_2, the_hattery, uniq_maggie,
          uniq_crazy_yiuf_cottage
D:8:      layout_basic, xom_butterflies, serial_shops, nicolae_diamond_shop,
          nicolae_inconvenience_store, nicolae_shop_rolled_up,
          nicolae_shop_rolling_square
D:9:      layout_rooms, lemuel_tele_altar, david_lair_shrubbed, serial_undead,
          serial_undead_a, serial_undead_b, serial_undead_c, serial_undead_d,
          uniq_pikel
D:10:     layout_cave_pods, lemuel_coloured_pillars_altar,
          nemelex_xobeh_ov_fountains_minmay, enter_bailey_2, serial_shops, shop,
          uniq_josephine, uniq_snorg

Skill      XL: |  1  2  3  4  5  6  7  8  9 10 11 |
---------------+----------------------------------+-----
Armour         | 4 5 6 8 9 10 | 10.1
Fighting       | 4 5 6 8 10 | 10.9
Shields        | 4 5 6 8 9 10 | 10.1
Maces & Flails | 3 4 5 7 8 |  8.9

Action                     |  1- 3 |  4- 6 |  7- 9 | 10-12 || total
---------------------------+-------+-------+-------+-------++-------
  Melee: Flail             |    95 |   211 |   513 |   438 ||  1257
  Throw: Throwing net      |       |       |     1 |       ||     1
    Use: Scroll            |     1 |    10 |       |    10 ||    21
         Potion            |       |     1 |       |       ||     1
   Stab: Held in net/web   |       |       |     1 |       ||     1
         Distracted        |       |       |       |     2 ||     2
 Armour: Scale mail        |   110 |    19 |       |       ||   129
         Chain mail        |       |   154 |   352 |   290 ||   796
  Dodge: Dodged            |    83 |    68 |   221 |   190 ||   562
  Block: Buckler           |    32 |    13 |       |       ||    45
         Tower shield      |       |   161 |   536 |   557 ||  1254

Table legend: (Time is in decaauts)
 A = Elapsed time spent in this place.
 B = Non-inter-level travel time spent in this place.
 C = Inter-level travel time spent in this place.
 D = Time resting spent in this place.
 E = Time spent auto-exploring this place.
 F = Levels seen in this place.
 G = Mean time per level.
                   A        B        C        D        E       F      G
               +--------+--------+--------+--------+--------+-----+--------+
         Total |   8678 |   8393 |    285 |    628 |   4805 |  10 |  867.8 |
       Dungeon |   8678 |   8393 |    285 |    628 |   4805 |  10 |  867.8 |
               +--------+--------+--------+--------+--------+-----+--------+

Top non-repeatable levels by time:
     D:7: 1183 daAuts
     D:3: 1168 daAuts
     D:4: 995 daAuts
     D:6: 986 daAuts
     D:8: 956 daAuts
     D:9: 836 daAuts
     D:5: 815 daAuts
     D:1: 810 daAuts
     D:2: 729 daAuts
    D:10: 195 daAuts
